 Dungeon Crawl Stone Soup version 0.16-a0-51-g3cd7026 (webtiles) character file.

56 PolkaDot the Vexing (level 3, 0/24 HPs)
             Began as a Vampire Enchanter on Aug 6, 2014.
             Killed from afar by WhatIsLove's ghost (19 damage)
             ... with a stone arrow
             ... on Level 3 of the Dungeon.
             The game lasted 00:04:37 (2387 turns).

PolkaDot the Vexing (Vampire Enchanter)             Turns: 2387, Time: 00:04:37

HP   0/24        AC  3     Str  7      XL: 3   Next: 69%
MP   2/6         EV 16     Int 18      God:
Gold 110         SH  0     Dex 14      Spells:  3 memorised,  0 levels left

rFire  . . .     SeeInvis +     a - +1 dagger
rCold  + + .     Clarity  .     b - +1 robe
rNeg   + + +     rCorr    .     (no shield)
rPois  +         rRot     +     (no helmet)
rElec  .         Spirit   .     (no cloak)
SustAb .         Warding  .     (no gloves)
rMut   .         Stasis   .     (no boots)
Gourm  .                        (no amulet)
MR     .....                    (no ring)
                                h - +4 ring of evasion

@: regenerating slowly, not resistant to hostile enchantments, fairly stealthy
A: fangs 3, see invisible, unbreathing
a: Bat Form


You were on level 3 of the Dungeon.
You were near bloodless.

You visited 1 branch of the dungeon, and saw 3 of its levels.

You collected 110 gold pieces.

Inventory:

Hand weapons
 a - a +1 dagger (weapon)
Armour
 b - a +1 robe (worn)
Scrolls
 e - 2 scrolls of remove curse {unknown}
 f - a scroll of random uselessness {unknown}
 i - a scroll of amnesia {unknown}
 k - a scroll of fear {unknown}
 l - a scroll of identify {unknown}
 q - a scroll of teleportation {unknown}
Jewellery
 h - a +4 ring of evasion (left hand)
 p - an uncursed amulet of rage {unknown}
Potions
 d - a potion of coagulated blood {@w2}
 g - a potion of agility {unknown}
 j - a potion of flight {unknown}
 m - a potion of restore abilities {unknown}
 n - a potion of cancellation {unknown}
 o - a potion of lignification {unknown}
Books
 c - a book of Maledictions

   Spells                             Type                      Level
   *Corona                            Hexes                        1
   Sure Blade                         Hexes/Charms                 2
   *Ensorcelled Hibernation           Hexes/Ice                    2
   *Confuse                           Hexes                        3
   Dazzling Spray                     Conjuration/Hexes            3
   Enslavement                        Hexes                        4


   Skills:
 + Level 2.5 Short Blades
 - Level 2.1 Dodging
 + Level 4.6 Stealth
 - Level 2.0 Spellcasting
 * Level 5.2 Hexes
 - Level 1.5 Ice Magic


You couldn't memorise any spells.
You knew the following spells:

 Your Spells              Type           Power        Failure   Level  Hunger
a - Corona                Hex            ###....      1%          1    #......
c - Confuse               Hex            ###.....     10%         3    ####...
d - Ensorcelled Hibernat  Hex/Ice        ##....       10%         2    ##.....


Dungeon Overview and Level Annotations

Branches:
Dungeon (3/15)

Altars:
Elyvilon

Annotations:
D:3 WhatIsLove's ghost, average GrEE


Innate Abilities, Weirdness & Mutations

You heal slowly.
You have razor-sharp teeth.
You have supernaturally acute eyesight.
You can survive without breathing.


Message History

You barely miss WhatIsLove's ghost. Your bite misses WhatIsLove's ghost.
WhatIsLove's ghost is almost destroyed.
You hit WhatIsLove's ghost but do no damage.
WhatIsLove's ghost is almost destroyed.
You barely miss WhatIsLove's ghost.
WhatIsLove's ghost is almost destroyed.
WhatIsLove's ghost seems less confused.
WhatIsLove's ghost hits you.
You hit WhatIsLove's ghost but do no damage.
WhatIsLove's ghost is almost destroyed.
WhatIsLove's ghost barely misses you.
You hit WhatIsLove's ghost but do no damage.
WhatIsLove's ghost is almost destroyed.
WhatIsLove's ghost gestures at you while chanting.
The stone arrow misses you.
You closely miss WhatIsLove's ghost. Your bite misses WhatIsLove's ghost.
WhatIsLove's ghost is almost destroyed.
WhatIsLove's ghost casts a spell at you.
The stone arrow hits you!
Ouch! That really hurt!
You die...

# ### #.#.. #.#.###
#.....# #
..####.#.#.#####..#
.............@....#
.$.###.#.#.##W##.##
.....#.....##.#
...%.?..<####.#
.###.##### #.# #.
#.# #.# #.# #..


You could see WhatIsLove's ghost.

Vanquished Creatures
  A gnoll (D:1)
  A giant gecko (D:1)
  A ball python (D:2)
  6 goblins
  6 hobgoblins
  6 jackals
  6 kobolds
  6 bats
  3 giant cockroaches
  2 giant newts
  5 rats
43 creatures vanquished.

Notes
Turn   | Place    | Note
--------------------------------------------------------------
     0 | D:1      | PolkaDot, the Vampire Enchanter, began the quest for the Orb.
     0 | D:1      | Reached XP level 1. HP: 13/13 MP: 3/3
   232 | D:1      | Reached XP level 2. HP: 11/19 MP: 1/4
   361 | D:1      | Learned a level 2 spell: Ensorcelled Hibernation
   422 | D:1      | Reached skill level 1 in Ice Magic
   767 | D:1      | Reached XP level 3. HP: 24/24 MP: 0/6
   829 | D:1      | Learned a level 3 spell: Confuse
  1746 | D:2      | Reached skill level 5 in Hexes
  1927 | D:2      | Found a white marble altar of Elyvilon.
  2361 | D:3      | Noticed WhatIsLove's ghost (average GrEE)
  2387 | D:3      | Killed from afar by WhatIsLove's ghost

Action                   || total
-------------------------++-------
Melee: Dagger            ||    91
 Cast: Corona            ||     7
       Ensorcelled Hiber ||    27
       Confuse           ||     2
 Stab: Sleeping          ||    26
       Confused          ||     2
